[Event "Saint Louis Super Swiss 2023"]
[Site "Saint Louis"]
[Date "2023.03.16"]
[Round "5.8"]
[White "Kavutskiy, Konstantin"]
[Black "Raja Harshit"]
[Result "0-1"]
[ECO "B57"]
[WhiteElo "2405"]
[BlackElo "2498"]
[Annotator "TA"]
[PlyCount "80"]
[EventDate "2023.03.12"]
[EventType "swiss"]
[EventCountry "USA"]
[TimeControl "5400+30"]

1. e4 c5 2. Nf3 d6 3. d4 cxd4 4. Nxd4 Nf6 5. Nc3 Nc6 6. Bc4 Qb6 7. Nb3 g6 {[%emt 0:03:31] B57: Classical Sicilian: Sozin with 6...Qb6.} 8. Bg5 Ng4 9. Qd2 (9. Qf3 Nge5 10. Qe2 Nxc4 11. Qxc4 Bg7 $11) 9... Be6 {[%emt 0:08:43] [#] White is slightly better.} 10. Bd3 $146 (10. Bxe6 $1 $14 fxe6 11. Qe2) ({Predecessor:} 10. Bxe6 fxe6 11. Qe2 Nge5 12. Be3 Qd8 13. f4 Nd7 14. h4 Nf6 15. O-O-O e5 16. g4 {½-½ Bazeev,G (2134)-Palchun,G (2107) St Petersburg March op 2008 (7)}) 10... h6 $11 11. Bh4 Bg7 12. f3 Nge5 13. Bf2 Qb4 14. O-O {[%emt 0:05:14] aiming for a3.} Nxd3 15. cxd3 Bxb3 16. axb3 O-O 17. Ra3 b5 18. Kh1 (18. Rd1 $11) 18... e6 19. Be3 Kh7 20. Qc1 {[%emt 0:01:17] Strongly threatening Na2.} Nd4 21. Na2 $1 Qc5 22. b4 Qh5 (22... Qc2 {simplifies} 23. Bxd4 Qxc1 24. Rxc1 Bxd4 25. Nc3 Rfc8) 23. Nc3 (23. Qd2 $11) 23... Nc6 (23... Be5 24. f4 Bg7 25. Ra6 $14) (23... a5 $5 ) 24. Nd5 {[%emt 0:05:29] And now Nc7 would win.} Rfc8 {[%emt 0:05:28][%cal Bf8c8,Bc8c7,Bc7d7][%mdl 32] Prevents Nc7} (24... Be5 25. Nf4 (25. Qxc6 $2 Qxh2#) 25... Bxf4 26. Bxf4 $16) (24... Rac8 $5 25. Nf4 Qh4 $11) 25. Nf4 (25. Nb6 $5 axb6 26. Rxa8 Rxa8 27. Qxc6 $14) 25... Qh4 26. Qd2 Rc7 27. Ne2 d5 (27... Be5 28. g3 Qd8 29. d4 $14 (29. Bxh6 Nxb4 30. d4 Bf6 $11)) 28. Bc5 Rd8 (28... Be5 29. f4 Bg7 30. exd5 exd5 31. d4 $14 (31. Nc3 Rb7 $16)) 29. Nc3 dxe4 (29... Be5 30. f4 (30. Nxb5 $2 Qxh2#) 30... Bxc3 31. Qxc3 $11) 30. fxe4 Rcd7 (30... Be5 31. g3 Bxg3 32. Qg2 Rxd3 33. Nd5 (33. Nxb5 Rcd7 $17) 33... Rxa3 34. Nxc7 $11) 31. Nxb5 Ne5 $40 {[%emt 0:01:05][%mdl 128] Hoping for ...Nc4. Black attacks with force.} (31... Be5 32. g3 Bxg3 33. Qg2 Rxd3 34. Nd4 (34. Nxa7 Ne5 $17) (34. Rxf7+ Kh8 $11) 34... Rxa3 35. Nxc6 Bxh2 36. bxa3 Bf4+ 37. Kg1 $11) 32. Qf2 Qxf2 33. Bxf2 Nxd3 34. Bxa7 (34. Bc5 $17) 34... Rb7 35. Nc3 (35. Ra5 $17) 35... Nxb2 $19 ({Stronger than} 35... Rxb4 36. Rxf7 Kg8 37. Rf1 $17) ({Inferior is} 35... Nxb4 36. Bg1 $17) 36. b5 $2 (36. Nb1 {is more resistant.}) 36... Bxc3 {[%emt 0:00:49][%mdl 64] [#] Deflection. Black is clearly winning.} 37. Rxc3 Rxa7 38. b6 Rb7 39. Rc7 {[%emt 0:00:22] [#]} Rd7 $1 ({And not} 39... Rxb6 40. Rfxf7+ Kh8 41. Rh7+ Kg8 42. Rhg7+ Kh8 43. Rh7+ Kg8 44. Rhg7+ Kh8 45. Rh7+ $11) 40. Rfc1 Na4 {[%emt 0:00:40] Weighted Error Value: White=0.29 (precise) /Black=0.09 (flawless)} 0-1

[Event "Saint Louis Super Swiss 2023"]
[Site "Saint Louis"]
[Date "2023.03.16"]
[Round "5.9"]
[White "Durarbayli, Vasif"]
[Black "Jacobson, Aaron"]
[Result "1-0"]
[ECO "C42"]
[WhiteElo "2635"]
[BlackElo "2308"]
[Annotator "TA"]
[PlyCount "73"]
[EventDate "2023.03.12"]
[EventType "swiss"]
[EventCountry "USA"]
[TimeControl "5400+30"]

1. e4 e5 2. Nf3 Nf6 3. Nxe5 d6 4. Nf3 Nxe4 5. d4 d5 6. Bd3 Bd6 7. O-O O-O 8. c4 c6 9. Qc2 Na6 10. a3 {[%emt 0:03:58] Inhibits Nb4. C42: Petroff Defence: 3 Nxe5 and unusual White 3rd moves.} Bf5 {[%emt 0:00:39] 10...f5 is becoming the main line.} (10... Bg4 $5 ) 11. Nc3 Re8 12. c5 $5 {[%emt 0:03:41][%mdl 4] White is slightly better. Exploring less charted territory.} Bc7 {[%emt 0:07:46] [#]} 13. b4 $146 ({Predecessor:} 13. Be3 Bg6 14. Rad1 Nb8 15. Ne5 Bxe5 16. dxe5 Qe7 17. Nxe4 dxe4 18. Bxe4 Bxe4 19. Qxe4 {1-0 Rios Parra,A (2355)-Ferreira Morales,J (1835) Bogota McGregor op 2nd 2011 (1)}) 13... Re6 14. Be3 Bg6 15. Rab1 Nb8 16. Ne2 Bh5 17. Ng3 (17. Ne1 {seems wilder.} Nd7 18. Rb3 b6 19. Nf4) 17... Bg6 18. Ne2 Bh5 19. Rfe1 Nd7 {[%emt 0:08:57] Against Ne5} 20. Ng3 $36 {[%emt 0:04:50][%mdl 2048] White has the initiative.} (20. Nd2 {is interesting.} Qh4 21. g3 Qh3 22. Nf4) 20... Bg6 21. b5 Qe7 (21... cxb5 $11 22. Rxb5 b6) 22. bxc6 bxc6 23. Bxe4 dxe4 24. Ng5 Rf6 25. Rb7 {[%emt 0:00:36] White is more active.} (25. N5xe4 Bxg3 26. Bg5 Bxf2+ 27. Qxf2 Bxe4 $17) 25... Bf4 {[%emt 0:02:00][%mdl 8192] [#] This move loses the game for Black.} (25... Qd8 $16) 26. N5xe4 Bxe3 27. Rxe3 (27. fxe3 Re6 $11) 27... Re6 28. Qe2 Qd8 (28... Rb8 $142 29. Rxb8+ (29. Rxa7 $2 Rb1+ 30. Nf1 Bxe4 $19) 29... Nxb8) 29. Nd6 $18 Rxe3 30. Qxe3 (30. fxe3 Rb8 31. Qa6 (31. Rxa7 Rb1+ 32. Nf1 h6 $18) 31... Rxb7 32. Qxb7 h6 33. Qxc6 Nf6 $18) 30... Nf6 31. Qf3 Nd5 32. Ngf5 (32. Nxf7 Qa5 $14) 32... h5 $2 (32... Qa5 33. h4 Rf8 34. Ne7+ Nxe7) 33. Ne3 {[%emt 0:04:36] Excellent horsemanship.} (33. Rxf7 $142 Bxf5 34. Qxf5) 33... Qa5 (33... Nxe3 $142 34. fxe3 (34. Qxe3 Rb8 $18) 34... Qa5) 34. h3 {[%emt 0:02:46] White is clearly winning.} (34. Nxf7 $2 Qe1+ 35. Nf1 Rf8 $19) 34... Qe1+ 35. Kh2 Nc3 {[%emt 0:00:13] White must now prevent ...Ne2.} 36. Re7 {[%emt 0:01:35] Threatens to win with Nef5.} (36. Qxc6 {leads to mate.} Ne2) ({Less strong is} 36. Rb2 Rd8 37. Nec4 (37. Qxc6 Ne2 $14) 37... Nb5 38. Nxb5 (38. Qxc6 Nxd4 39. Qc7 Ne6 $16) 38... cxb5 $18) 36... Rb8 {[%emt 0:01:09] [#]} (36... Ne2 $142 37. Nf1 (37. Qxc6 $2 Qg1#) 37... Qxf1 38. Rxe2 a6 39. Qxc6 Qxe2) 37. Nd5 $1 {[%emt 0:01:14][%mdl 576] Discovered Attack.   Weighted Error Value: White=0.24 (precise) /Black=0.58} 1-0

[Event "Saint Louis Super Swiss 2023"]
[Site "Saint Louis"]
[Date "2023.03.17"]
[Round "5.10"]
[White "Hakobyan, Aram"]
[Black "Park, Evan"]
[Result "1-0"]
[ECO "C54"]
[WhiteElo "2620"]
[BlackElo "2383"]
[Annotator "TA"]
[PlyCount "79"]
[EventDate "2023.03.12"]
[EventType "swiss"]
[EventCountry "USA"]
[TimeControl "5400+30"]

1. e4 e5 2. Nf3 Nc6 3. Bc4 Nf6 4. d3 Bc5 5. O-O d6 6. c3 a5 {[%emt 0:01:16] C54: Giuoco Piano: 4 c3 Nf6, main lines with 5 d4 and 5 d3.} 7. Re1 O-O 8. h3 h6 {[%emt 0:00:38] The position is equal.} 9. Nbd2 Be6 10. Bb5 Qb8 11. Bxc6 bxc6 12. d4 exd4 13. cxd4 Bb6 14. Nf1 d5 15. e5 Ne4 16. Be3 a4 {[%emt 0:08:16] [#]} 17. Rc1 $146 ({Predecessor:} 17. Qc1 Qe8 18. Ng3 Nxg3 19. fxg3 {½-½ Baklan,V (2608)-Kravtsiv,M (2644) UKR-ch 87th Kiev 2018 (6)}) 17... Ba5 $1 18. Re2 a3 19. b3 Nc3 {[%emt 0:17:38] [#]} ({Black should play} 19... c5 $14) 20. Rxc3 $1 $16 Bxc3 {[%emt 0:00:05] [#]} 21. Bxh6 $1 Bb4 {[%emt 0:02:51] [#]} (21... Re8 22. Rc2) 22. Qc1 {[%emt 0:01:22][%mdl 1024] White has compensation.} Re8 $1 {[%emt 0:02:43] [#]} (22... gxh6 $2 23. Qxh6 Be7 24. Ng3 $18) 23. Ng3 $1 {[%emt 0:02:53] Qg5 would be deadly.} Bf8 (23... gxh6 $2 24. Qxh6 Bf8 25. Qg5+ Bg7 26. Nh5 $18) 24. Bg5 {[%emt 0:34:51][%cal Og5f6] White is more active.} Qb5 25. Qd2 (25. Rc2 $14) 25... c5 $11 26. Bf6 $2 {[%emt 0:01:19] [#]} Ra6 $2 (26... gxf6 $2 27. exf6 Kh8 28. Re5 $18) (26... c4 $1 $19 {[%cal Rc4b3] Threatens to win with ...cxb3!} 27. bxc4 Qb1+ 28. Re1 Qh7) 27. dxc5 Qxc5 {[%emt 0:01:50] [#]} (27... gxf6 28. exf6 $14) (27... Bxh3 $11 28. gxh3 gxf6) 28. Qg5 $1 $16 Rc6 {[%emt 0:01:28] This costs Black the game.} (28... Bd7 $16 {was worth a try.}) 29. Re1 {[%emt 0:01:04][%cal Of6g7] Black must now prevent Bxg7!} Bc8 30. Nh5 g6 31. Bd8 Rxd8 (31... Qb4 $16 32. Nf6+ Rxf6 33. Bxf6 c5) 32. Qxd8 $18 {[%emt 0:00:14] Strongly threatening Nf6+.} gxh5 33. Qxc8 Qc2 34. e6 fxe6 (34... Rxe6 35. Rxe6 fxe6 36. Qxe6+ Kg7 37. Qe5+ (37. Qxd5 Qb1+ 38. Kh2 Bd6+ 39. g3 Qxa2 $11) 37... Kg6 38. Qg5+ (38. Qxd5 Qb1+ 39. Kh2 Bd6+ 40. g3 Qxa2 $14) 38... Kf7 39. Qxh5+ Kg7 40. Qe5+ (40. Qxd5 Qxa2 41. Qg5+ Kh8 $11) 40... Kg6 41. Qe6+ (41. Qxd5 Qb1+ 42. Kh2 Bd6+ 43. g3 Qxa2 $18) 41... Kg7 42. Qe5+ (42. Qxd5 Qxa2 43. Qg5+ Kh8 $11) 42... Kg6 43. Qe8+ (43. Qxd5 Qb1+ 44. Kh2 Bd6+ 45. g3 Qxa2 $16) 43... Kg7 44. Qe5+) 35. Qe8 (35. Rxe6 $2 Qf5 $19) (35. Ne5 $142) 35... Rb6 (35... e5 $142 36. Rxe5 Rg6 37. Rxd5 (37. Re7 Rf6 $18) 37... Qc1+ 38. Kh2 Qc6) 36. Ng5 {[%emt 0:01:06] White threatens Qf7+ and mate.} Qf5 {[%emt 0:00:14] Prevents Qf7+.} 37. Nxe6 Qf7 38. Qc8 {[%emt 0:00:37] Hoping for Nxf8.} Qf5 39. Re3 {[%emt 0:01:03] aiming for Rg3+.} (39. Qxc7 $2 {perishes.} Rxe6 40. Rxe6 Qxe6 $19) 39... Kf7 40. Qxf8+ {[%emt 0:00:10] Ingenious play by Hakobyan!   Weighted Error Value: White=0.22 (precise) /Black=0.48} 1-0

[Event "Saint Louis Super Swiss 2023"]
[Site "Saint Louis"]
[Date "2023.03.16"]
[Round "6.1"]
[White "Yoo, Christopher Woojin"]
[Black "Theodorou, Nikolas"]
[Result "1/2-1/2"]
[ECO "A49"]
[WhiteElo "2591"]
[BlackElo "2584"]
[Annotator "TA"]
[PlyCount "50"]
[EventDate "2023.03.12"]
[EventType "swiss"]
[EventCountry "USA"]
[TimeControl "5400+30"]

1. d4 {[%emt 0:00:08] Ftacnik,Lubomir} Nf6 2. Nf3 g6 3. c4 Bg7 4. g3 c6 5. Bg2 O-O 6. O-O d5 7. b3 dxc4 8. bxc4 c5 9. Bb2 cxd4 10. Nxd4 Qb6 11. Qc2 {[%emt 0:01:36] A49: 1 d4 Nf6 2 Nf3 g6 3 g3: Anti-King's Indian systems.} Nc6 12. Nxc6 (12. c5 $5 Qa6 13. Nd2 $11) 12... bxc6 13. Nd2 Bf5 14. Qb3 Rfd8 {[%emt 0:06:29] [#]} 15. Rfd1 $146 ({Predecessor:} 15. Bc3 Ng4 16. Bxg7 Rxd2 17. Bc3 Rxe2 18. h3 Nf6 19. Rae1 Rc2 20. Qa3 Nd7 21. Ba5 {½-½ Malakhov,V (2696)-Svidler,P (2723) RUS-ch 56th Krasnoyarsk 2003 (7)}) 15... Rac8 16. Nf3 Ne4 17. Qxb6 (17. Rxd8+ {simplifies} Rxd8 18. Qxb6 axb6 19. Bxg7 Kxg7 20. Ne5) 17... axb6 18. Nd4 Kf8 19. Nxf5 Bxb2 20. Rxd8+ Rxd8 21. Rb1 {[%emt 0:00:07] [#] aiming for Ne3. The position is equal.} gxf5 22. Bxe4 Rd2 23. Bxf5 Rxe2 24. Kf1 ({Reject} 24. Bxh7 Bd4 25. Rf1 Rxa2 $15) 24... Rd2 25. Re1 (25. Ke1 $5 Bc3 $8 26. Rb3 $11) 25... h6 {[%emt 0:01:16] Weighted Error Value: White=0.07 (flawless) /Black=0.06 (flawless)} 1/2-1/2

[Event "Saint Louis Super Swiss 2023"]
[Site "Saint Louis"]
[Date "2023.03.17"]
[Round "6.2"]
[White "Raja Harshit"]
[Black "Swiercz, Dariusz"]
[Result "1/2-1/2"]
[ECO "C84"]
[WhiteElo "2498"]
[BlackElo "2646"]
[Annotator "TA"]
[PlyCount "76"]
[EventDate "2023.03.12"]
[EventType "swiss"]
[EventCountry "USA"]
[TimeControl "5400+30"]

1. e4 e5 2. Nf3 Nc6 3. Bb5 a6 4. Ba4 Nf6 5. O-O Be7 6. d3 b5 7. Bb3 d6 8. a3 {[%emt 0:00:06] C84: Closed Ruy Lopez: Unusual White 6th moves.} Na5 9. Ba2 c5 10. Nc3 Be6 11. Bg5 O-O 12. b4 {[%emt 0:07:34] And now Bxf6 would win.} Nc6 {[%emt 0:15:49] [#]} 13. bxc5 $146 ({Predecessor:} 13. Nd5 Bxd5 14. exd5 Nd4 15. bxc5 Nxf3+ 16. Qxf3 dxc5 17. a4 Ne8 18. Bxe7 Qxe7 19. axb5 axb5 {½-½ Vachier Lagrave,M (2777)-Keymer,V (2590) Wch Rapid Almaty 2022 (13)}) 13... dxc5 14. Bxe6 fxe6 15. Bxf6 Bxf6 16. a4 b4 17. Nb1 {[%emt 0:02:58] [#]} c4 $1 {[%emt 0:28:32] White is weak on the dark squares} 18. dxc4 Qxd1 19. Rxd1 Nd4 20. Nxd4 exd4 21. Rd3 Bg5 $1 22. a5 Rfc8 23. Ra4 Rab8 24. h4 $1 Bxh4 25. g3 Bf6 (25... Bg5 $17 26. Rxd4 e5 {[%mdl 64] Deflection}) 26. Nd2 $11 e5 27. f4 g5 28. fxe5 Bxe5 29. Rf3 ({Better is} 29. Ra1) 29... g4 $17 {[%emt 0:05:17][%mdl 64] Deflection} 30. Rf5 Bxg3 31. Ra1 {[%emt 0:01:11] [#] Prevents Be1} Rc6 (31... Rf8 $1 $17 {Threatens to win with ...Rxf5.} 32. Rg5+ Kh8) 32. c5 Re8 (32... Rf8 $5 33. Raf1 Rxf5 34. Rxf5 h6 $15) 33. Rb1 {[%emt 0:02:00] [#]} (33. Raf1 $1 $15) 33... Be5 (33... Re5 $1 $17 34. Kg2 Rxf5 35. exf5 Be5) 34. Rxb4 $11 {[%emt 0:01:02] The position is equal.} Rxc5 35. Nc4 d3 36. Nxe5 $1 Rexe5 (36... dxc2 $2 37. Rg5+ (37. Nxg4 $2 {loses.} c1=Q+ 38. Rf1 Qg5 $19) 37... Kf8 38. Nd7+ Ke7 39. Rxc5 $18) 37. Rb8+ $1 Kg7 38. Rb7+ Kg6 {[%emt 0:00:54] Weighted Error Value: White=0.11 (very precise) /Black=0.13 (very precise)} 1/2-1/2

[Event "Saint Louis Super Swiss 2023"]
[Site "Saint Louis"]
[Date "2023.03.16"]
[Round "6.3"]
[White "Quesada Perez, Yasser"]
[Black "Bruzon Batista, Lazaro"]
[Result "1/2-1/2"]
[ECO "C67"]
[WhiteElo "2604"]
[BlackElo "2610"]
[Annotator "TA"]
[PlyCount "26"]
[EventDate "2023.03.12"]
[EventType "swiss"]
[EventCountry "USA"]
[TimeControl "5400+30"]

1. e4 e5 2. Nf3 Nc6 3. Bb5 Nf6 4. O-O Nxe4 5. d4 Nd6 6. dxe5 Nxb5 7. a4 Nbd4 8. Nxd4 d5 9. exd6 Nxd4 10. Qxd4 Qxd6 11. Qe4+ Qe6 12. Qd4 {[%emt 0:00:06] [#]} Qd6 $146 ({Predecessor:} 12... f6 13. Nc3 c6 14. Bf4 Kf7 15. Rad1 Qf5 16. Rfe1 Be6 17. Bd6 Rd8 18. Ne4 Bd5 {0-1 Vokhidov,S (2601)-Nakamura,H (2768) Titled Tuesday intern op 14th Feb Early blitz 2023 (8)}) 13. Qe4+ {[%emt 0:00:06] C67: Ruy Lopez: Berlin Defence: 4 0-0 Nxe4.} Qe6 {[%emt 0:00:04] A rather calm draw.} 1/2-1/2

[Event "Saint Louis Super Swiss 2023"]
[Site "Saint Louis"]
[Date "2023.03.17"]
[Round "6.4"]
[White "Nyzhnyk, Illya"]
[Black "Jacobson, Brandon"]
[Result "1/2-1/2"]
[ECO "D35"]
[WhiteElo "2654"]
[BlackElo "2543"]
[Annotator "TA"]
[PlyCount "40"]
[EventDate "2023.03.12"]
[EventType "swiss"]
[EventCountry "USA"]
[TimeControl "5400+30"]

1. c4 e6 2. Nc3 d5 3. d4 Nf6 4. Nf3 Nbd7 5. cxd5 exd5 6. Bf4 c6 7. e3 Nh5 8. Bg5 Be7 9. Bxe7 Qxe7 10. Qc2 {[%emt 0:00:19] The position is equal.} Nb6 {[%emt 0:02:51] D35: Queen's Gambit Declined: Exchange Variation.} 11. h3 g6 12. g4 Ng7 13. Bd3 Be6 14. O-O-O {[%emt 0:10:31] [#] Not much happened in this game.   Weighted Error Value: White=0.06 (flawless) /Black=0.03 (flawless)} {Predecessor:} O-O-O $146 15. Ne5 Kb8 16. f4 f6 17. Nf3 Ne8 18. Rde1 Nd6 19. Kb1 Rhe8 20. b3 Rc8 {1-0 Istratescu,A (2603)-Bricard,E (2453) Rohde op 01st 2001 (2)} 1/2-1/2

[Event "Saint Louis Super Swiss 2023"]
[Site "Saint Louis"]
[Date "2023.03.17"]
[Round "6.5"]
[White "Moradiabadi, Elshan"]
[Black "Durarbayli, Vasif"]
[Result "1/2-1/2"]
[ECO "E18"]
[WhiteElo "2507"]
[BlackElo "2635"]
[Annotator "TA"]
[PlyCount "109"]
[EventDate "2023.03.12"]
[EventType "swiss"]
[EventCountry "USA"]
[TimeControl "5400+30"]

1. d4 Nf6 2. Nf3 e6 3. c4 b6 4. g3 Bb7 5. Bg2 Be7 6. O-O O-O 7. Nc3 Ne4 8. Bd2 {[%emt 0:00:01] is the new trend.} a5 {[%emt 0:02:24] E18: Queen's Indian: Old Main Line (4 g3 Bb7 5 Bg2 Be7 6 0-0 0-0 7 Nc3).} 9. d5 {[%emt 0:04:21] [#]} Nd6 $146 ({Predecessor:} 9... Nxc3 10. Bxc3 d6 11. Nd4 e5 12. Nb5 Nd7 13. b3 Bf6 14. a3 g6 15. b4 axb4 16. axb4 {1-0 Ikonnikov,V (2559)-Seeger,K (2071) Le Touquet op 19th 2004 (3)}) 10. b3 Bf6 11. Rc1 Na6 12. Bf4 Bxc3 13. Rxc3 Ne4 14. Rc1 (14. Re3 $5 Nec5 15. Qb1 $11) 14... Nac5 15. a3 a4 $1 16. b4 Nb3 17. Rc2 d6 18. Qd3 {[%emt 0:13:03] Prevents e5} Nf6 19. Nd2 e5 20. Bg5 {[%emt 0:01:59] Strongly threatening Ne4.} Nxd2 21. Bxd2 (21. Rxd2 h6 22. Bxf6 Qxf6 $14) 21... Bc8 22. e4 Qe7 23. Rfc1 Nd7 24. h3 Ba6 25. Rc3 Qf6 26. Qf3 Qe7 27. g4 Bb7 28. Be3 Rfb8 29. g5 c5 30. dxc6 Bxc6 31. Rd3 Nf8 32. Qd1 Ne6 33. Rxd6 Rd8 34. c5 bxc5 35. bxc5 Rac8 (35... Nc7 $16) 36. h4 $18 h6 37. Qd2 hxg5 38. Bxg5 (38. hxg5 $142 g6 39. f3) 38... Nxg5 $2 (38... Rxd6 $16 39. cxd6 Qb7) 39. hxg5 ({Don't play} 39. Qxg5 $6 Re8 40. f3 Rc7) 39... g6 $2 {[%emt 0:00:00] [#]} (39... Rb8 {was necessary.} 40. g6 Be8) 40. Bh3 $1 {[%emt 0:01:58] Hoping for Rd1. Black is weak on the dark squares} Rb8 41. Rd1 Rxd6 42. cxd6 (42. Qxd6 Qxg5+ 43. Bg2 Rc8 $17) 42... Qd8 43. d7 Bxe4 44. Qe3 Bc6 45. Qxe5 Rb5 46. Qf4 Rxg5+ 47. Kh2 $2 (47. Bg4 $18 {[%cal Of4g5] and the rest is easy. Threatens to win with Qxg5!} Kg7 48. Kf1) 47... Rh5 $16 48. Kg3 Bd5 (48... Rg5+ $16 {keeps fighting.} 49. Kh2 Rh5) 49. Re1 {[%emt 0:03:27] Active counter play!} ({White has to play} 49. f3 $18) 49... Kg7 {[%emt 0:03:40] [#]} 50. Re5 {[%emt 0:01:58] Repels Rg5+} (50. Qd4+ $142 $1 Kh7 51. Re5 (51. Qxa4 Qc7+ 52. Qf4 Rxh3+ {[%mdl 64] Deflection, Promotion} 53. Kxh3 Qxf4 54. d8=Q Qf3+ 55. Kh4 Qxf2+ 56. Kg4 Qf3+ 57. Kh4 Qf2+ 58. Kg4 f5+ 59. Kg5 Qg3+ 60. Kf6 Qh4+ {[%mdl 64] Skewer} 61. Ke5 Qxd8 62. Rc1 Qe7+ 63. Kd4 Qe4+ 64. Kc3 Qe3+ 65. Kc2 f4 66. Ra1 Qb3+ 67. Kd2 Qb2+ 68. Kd3 Qxa1 69. a4 Qxa4 70. Kc3 Qc4+ 71. Kb2 Qb3+ 72. Kc1 Qc3+ 73. Kb1 Qd2 74. Ka1 Qc1#) 51... Rxh3+ {[%mdl 64] Remove Defender} 52. Kxh3 Qxd7+ 53. Kh4) 50... Rxh3+ 51. Kxh3 Qxd7+ 52. Kg3 {[%emt 0:01:44] Black must now prevent Qd4.} (52. Kh2 $5 f6 53. Re1 $16) 52... f6 {[%emt 0:02:36] White is slightly better.} 53. Re3 g5 54. Qd4 Qc7+ 55. f4 {[%emt 0:00:03] Weighted Error Value: White=0.25 (precise) /Black=0.23 (precise)} 1/2-1/2

[Event "Saint Louis Super Swiss 2023"]
[Site "Saint Louis"]
[Date "2023.03.16"]
[Round "6.6"]
[White "Hakobyan, Aram"]
[Black "Escalante Ramirez, Brian Sebasti"]
[Result "0-1"]
[ECO "A49"]
[WhiteElo "2620"]
[BlackElo "2474"]
[Annotator "TA"]
[PlyCount "114"]
[EventDate "2023.03.12"]
[EventType "swiss"]
[EventCountry "USA"]
[TimeControl "5400+30"]

1. d4 Nf6 2. Nf3 g6 3. g3 Bg7 4. Bg2 O-O 5. O-O d6 6. Re1 d5 {[%emt 0:00:02][%cal Oc7c5] A49: 1 d4 Nf6 2 Nf3 g6 3 g3: Anti-King's Indian systems.} 7. c3 {[%emt 0:00:23] [#]} a5 $146 ({Predecessor:} 7... c6 8. Nbd2 Nbd7 9. e4 dxe4 10. Nxe4 Nxe4 11. Rxe4 e5 12. dxe5 Nxe5 13. Qxd8 Rxd8 14. Bg5 {0-1 Svane,R (2625)-Nenezic,M (2521) Speed Chess GP3 blitz 2021 (8)}) 8. Bf4 c5 {[%emt 0:04:25] The position is equal.} 9. dxc5 Na6 10. Be3 Ng4 11. Bd4 e5 12. h3 $1 exd4 13. hxg4 dxc3 14. Nxc3 d4 15. Nb5 Bxg4 (15... Nxc5 $5 16. Qc2 (16. Nfxd4 Bxg4 17. Bf3 Bxf3 $15) 16... Ne6 $15) 16. Rc1 Rc8 17. Nfxd4 Nxc5 18. Rc4 Qb6 19. Qc2 Bd7 {[%emt 0:01:18] This pair of bishops is nice.} 20. Nc3 Ne6 {[%emt 0:03:41][%mdl 64] Discovered Attack} 21. Rxc8 Rxc8 22. Nxe6 Bxe6 23. Qd2 (23. a3 $142) 23... Qb4 $1 $17 {[%emt 0:13:37] Black is more active.} 24. Rd1 Bxc3 25. bxc3 Qxc3 ({Stronger than} 25... Rxc3 26. Bxb7 Rc5 27. Qd8+ Kg7 28. a3 $11) 26. Bxb7 Qxd2 27. Rxd2 {[%emt 0:00:03][%mdl 4096] Endgame KRB-KRB} Rc1+ 28. Kg2 Ra1 $1 29. Bd5 Bxd5+ {[%emt 0:00:04][%mdl 64] Overworked Piece} 30. Rxd5 Rxa2 {[%emt 0:00:01] KR-KR} 31. e4 (31. g4 $17 {was necessary.}) 31... h5 $1 $19 32. Rd8+ Kg7 33. e5 a4 34. Ra8 a3 35. Ra6 g5 36. g4 $2 (36. Kh3 {is a better chance.}) 36... hxg4 $2 (36... h4 $19 37. Ra7 Kf8) 37. Kg3 $11 Ra1 {[%emt 0:00:02] Strongly threatening ...a2.} (37... Re2 {simplifies} 38. Rxa3 Rxe5 39. Kxg4 Kg6) 38. Kxg4 a2 {[%emt 0:00:01] ( -> ...Rg1+)} 39. Kf3 $2 {[%emt 0:00:05][%mdl 8192] [#] This costs White the game.} (39. Kf5 $11) 39... g4+ $1 40. Kg2 $19 Kf8 41. Ra7 Ke8 $1 42. Kh2 {[%emt 0:01:05] [#]} Kd8 $1 {[%emt 0:00:02] Threatens to win with ...Kc8.} 43. Kg2 {[%emt 0:00:19][%cal Og2h2] [#]} Kc8 $1 44. Kh2 Kb8 45. Ra5 Kb7 46. Kg2 Kb6 (46... Kc6 $142 47. Kh2 Kb6 48. Ra4 Kb5 49. Ra7 Kc5 50. Ra4 Kd5 51. Ra5+ Kd4 52. Kg2 Ke4 53. e6 fxe6 54. Ra8 e5 55. Ra7 Kd4 56. Ra8 Ke4 57. Ra7 Kf4 58. Rf7+ Kg5 59. Rg7+ Kf6 60. Ra7 e4 61. Ra8 g3 62. Ra6+ Kf5 63. Ra5+ Kg6 64. fxg3 e3 65. Ra6+ Kf5 66. Ra5+ Ke4 67. Ra4+ Kd3 68. Ra6 e2 69. Ra3+ Kc2 70. Ra8 e1=Q 71. Rc8+ Qc3 {[%mdl 64] Promotion} 72. Rxc3+ Kxc3 73. g4 Re1 74. g5 a1=Q 75. Kf3 Rf1+ 76. Kg3 Qe1+ 77. Kg4 Qe4+ 78. Kg3 Qf3+ 79. Kh4 Rh1#) 47. Ra8 Kc5 48. Ra4 Kd5 49. Ra5+ Ke4 {[%emt 0:00:04] White must now prevent ...Kf4.} 50. Kh2 Kf3 {[%emt 0:01:04] Black mates.} 51. Ra7 Re1 52. Rxa2 Rxe5 53. Ra4 f5 ({Inferior is} 53... Kxf2 54. Rf4+ Ke1 55. Rxf7 $11) 54. Ra2 f4 ({Not} 54... Re2 55. Rxe2 g3+ 56. fxg3 Kxe2 57. Kh3 $11) 55. Ra3+ Kxf2 56. Ra2+ Re2 57. Ra4 Kf3+ {[%emt 0:00:15] Weighted Error Value: White=0.51/Black=0.20 (precise)} 0-1